 Dungeon Crawl Stone Soup version 0.29-a0-356-g7bc237e783 (webtiles) character file.

Game seed: 17210659406522404040

63 Ijustatesigmund the Conjurer (level 3, -1/19 HPs)
             Began as a Deep Elf Conjurer on Apr 26, 2022.
             Killed from afar by Robin (6 damage)
             ... with a puff of flame
             ... on level 2 of the Dungeon.
             The game lasted 00:02:16 (1919 turns).

Ijustatesigmund the Conjurer (Deep Elf Conjurer)    Turns: 1919, Time: 00:02:16

Health: -1/19      AC:  4    Str:  4    XL:     3   Next: 87%
Magic:  4/11       EV: 12    Int: 24    God:
Gold:   124        SH:  0    Dex: 13    Spells: 8/11 levels left

rFire   . . .      SeeInvis +   h - staff of earth
rCold   . . .      Faith    .   (no shield)
rNeg    . . .      Spirit   .   a - +0 robe
rPois   .          Reflect  .   (no helmet)
rElec   .          Harm     .   (no cloak)
rCorr   .          Rampage  .   g - +1 pair of gloves
Will    .....                   (no boots)
Stlth   ++........              (no amulet)
HPRegen 0.06/turn               p - ring of flight
MPRegen 0.12/turn               q - ring of see invisible

@: flying
A: no striking features
a: no special abilities


You were on level 2 of the Dungeon.
You visited 1 branch of the dungeon, and saw 2 of its levels.

You collected 124 gold pieces.

Inventory:

Hand Weapons
 s - a +4 dagger
Armour
 a - a +0 robe (worn)
 g - a +1 pair of gloves (worn)
Magical Staves
 h - a staff of earth (weapon)
Jewellery
 p - a ring of flight (left hand)
 q - a ring of see invisible (right hand)
Scrolls
 c - 2 scrolls of immolation
 d - a scroll of magic mapping {unknown}
 k - 2 scrolls of noise {unknown}
 l - a scroll of identify {unknown}
 m - 2 scrolls of vulnerability {unknown}
Potions
 b - a potion of magic
 e - a potion of might {unknown}
 f - a potion of heal wounds {unknown}
 i - a potion of lignification {unknown}
 j - a potion of haste {unknown}
 n - a potion of flight {unknown}
 o - a potion of mutation {unknown}
 r - a potion of curing


   Skills:
 - Level 2.4 Dodging
 - Level 2.4 Stealth
 + Level 4.6 Spellcasting
 + Level 5.3 Conjurations


You had 8 spell levels left.
You knew the following spells:

 Your Spells              Type           Power      Damage    Failure   Level
a - Magic Dart            Conj           100%       1d8       1%          1
b - Searing Ray           Conj           62%        2d6       1%          2

Your spell library contained the following spells:

 Spells                   Type           Power      Damage    Failure   Level
 Dazzling Flash           Conj/Hex       36%        N/A       10%         3
 Fulminant Prism          Conj/Hex       9%         3d7       30%         4
 Iskenderun's Mystic Bla  Conj/Tloc      18%        2d6       30%         4


Dungeon Overview and Level Annotations

Branches:
Dungeon (2/15)

Altars:

Annotations:
D:2 Robin


Message History

A goblin comes into view. It is wielding a +0 dagger.
Casting: Searing Ray (safe; 1% risk of failure)
Confirm with . or Enter, or press ? or * to list all spells.
Aiming: Magic Dart (safe; 1% risk of failure)
Press: ? - help, Shift-Dir - straight line, f - goblin
Aim: a goblin, wielding a +0 dagger (100% to hit)
The magic dart hits the goblin!
You kill the goblin!
A goblin comes into view. It is wielding a +0 dagger.
Things that are here:
a +4 dagger; a goblin corpse
s - a +4 dagger
Casting: Magic Dart (safe; 1% risk of failure)
Confirm with . or Enter, or press ? or * to list all spells.
Aiming: Searing Ray (safe; 1% risk of failure)
Press: ? - help, Shift-Dir - straight line, f - goblin
Aim: a goblin, wielding a +0 dagger (wandering, hasn't noticed you, 74% to hit)
The searing ray misses the goblin. (Press . to maintain the ray.)
A hobgoblin comes into view.
Robin of the Strong Arm comes into view.
They are wielding a +0 spear and carrying a wand of flame (26).
The searing ray hits the goblin!
You kill the goblin!
Robin says, "My goblins will feast on your bones."
The searing ray hits the hobgoblin!
You kill the hobgoblin!
The searing ray hits Robin.
Robin is moderately wounded.
Robin zaps a wand.
The puff of flame hits you!
The searing ray hits Robin.
Robin is heavily wounded.
You finish channelling your searing ray.
Robin drinks a potion.
Robin is healed!
Robin points. "Kill!"
Robin zaps a wand.
The puff of flame misses you.
Robin zaps a wand.
The puff of flame misses you.
Robin zaps a wand.
The puff of flame hits you!
* * * LOW HITPOINT WARNING * * *
Robin zaps a wand.
The puff of flame hits you.
You die...

..# ##.#.# #.#.......#
#...).. ..# #.#.#
#.######### #g# ..#
##.#.####.###.....# #†#
.##
#.................######.#
.#
#..#.#...........g.......#
.#
#.........##......########
#.##.....###...(..# ###
##.####.†####.###### ..#
#...###....@..# #.#
#..†....######
..##.#####.#### .....
..##.# #.##.##.#
#.#.#.#### #........#
#...##.#.# #...##.# #


You could see Robin.

Vanquished Creatures
  2 adders (D:2)
  3 worms (D:2)
  A dart slug (D:1)
  2 ball pythons
  An endoplasm (D:1)
  2 giant cockroaches (D:1)
  4 hobgoblins
  2 kobolds (D:1)
  2 quokkas (D:1)
  3 bats
  A frilled lizard (D:1)
  6 goblins
  3 rats
32 creatures vanquished.

Notes
Turn   | Place    | Note
-------+----------+-------------------------------------------
     0 | D:1      | Ijustatesigmund the Deep Elf Conjurer began the quest for
                  | the Orb.
     0 | D:1      | Reached XP level 1. HP: 10/10 MP: 6/6
   339 | D:1      | Reached XP level 2. HP: 15/15 MP: 5/8
   342 | D:1      | Learned a level 2 spell: Searing Ray
  1126 | D:2      | Reached skill level 5 in Conjurations
  1126 | D:2      | Reached XP level 3. HP: 14/19 MP: 3/10
  1400 | D:2      | Found a faded altar of an unknown god.
  1901 | D:2      | Noticed Robin
  1919 | D:2      | Killed from afar by Robin

Illustrated notes

Levels and vault maps discovered:
D:1:      tarquinn_simple_flora_water_f, layout_loops_corners
D:2:      layout_loops_cross, hellmonk_ecumenical_altar_blasted, uniq_robin

Skill      XL: |  1  2 |
---------------+-------+-----
Spellcasting   | 4 |  4.6
Conjurations   | 5 |  5.3
Dodging        | |  2.4
Stealth        | |  2.4

Action                   || total
-------------------------++-------
Melee: Staff             ||     1
 Cast: Magic Dart        ||    63
       Searing Ray       ||     2
 Stab: Sleeping          ||     1
Armor: Robe              ||     2
Dodge: Dodged            ||     9

Table legend: (Time is in decaauts)
 A = Elapsed time spent in this place.
 B = Non-inter-level travel time spent in this place.
 C = Inter-level travel time spent in this place.
 D = Time resting spent in this place.
 E = Time spent auto-exploring this place.
 F = Levels seen in this place.
 G = Mean time per level.
                   A        B        C        D        E       F      G
               +--------+--------+--------+--------+--------+-----+--------+
         Total |   1917 |   1899 |     18 |    572 |   1160 |   2 |  958.5 |
       Dungeon |   1917 |   1899 |     18 |    572 |   1160 |   2 |  958.5 |
               +--------+--------+--------+--------+--------+-----+--------+

Top non-repeatable levels by time:
     D:1: 1113 daAuts
     D:2: 803 daAuts
